Unix NetHack Version 5.0.0-0 post-release - last build May  4 2026 22:22:43 (774f63e81ad911689b3a0859ea89b322d5daca8d,branch:main).

Game began 2026-05-07 20:34:47, ended 2026-05-07 20:51:16.

BeardyHaddock, lawful male dwarven Archeologist

         ------
         |....|         -----     --------                            -----
        #....>|       ##....|     |.......###                         |.%.|
        #|....|       # |...|     |......|  ###                      #....|
        #|....)##)#)### |....#    |......|    ##########           ###|...|
        #------         |...|#    ------.-             # -------   #  -----
        ##              --.--#        ###              ##.....(|   )
         ###              ####        #                # |.....|#d@f
           #                 #        #                  .<....Z#
           #                 ###########                 -------###
           #                 #        #############    #      ### ##
           #                 #       ##           ##########################
           #                ##     ###               #     ####    #    ---|--
 ----------#                #------.-         -----###     #       #####-....|
 |[[.?**..|#                #........        -)..`.#     ###            |....|
 |[(.)..(.|#                 |......|        |....|      #              |....|
 |.[=.[)..-#                 |......|        |.....#######              |....|
 |))==.?..|                  |...`..|        ------                     |....|
 ----------                  --------                                   ------

BeardyHaddock the Field Worker  St:12 Dx:12 Co:12 In:16 Wi:15 Ch:7  Lawful
Dlvl:2  $:418 HP:0(34) Pw:5(5) AC:5  Xp:3 T:1007  Satiated Burdened

Latest messages:
 The goblin wields a crude dagger!
 You hit the goblin.
 The goblin thrusts her crude dagger.
 The goblin hits!
 You hit the goblin.
 The goblin thrusts her crude dagger.
 The goblin hits!
 You miss the goblin.
 You miss the goblin.
 The goblin thrusts her crude dagger.
 The goblin hits!
 You kill the goblin!
 Welcome to experience level 3.
 You miss the coyote.
 The coyote bites!
 You miss the coyote.
 The coyote bites!
 The coyote misses!
 You miss the coyote.
 The coyote bites!
 You hit the coyote.
 The coyote bites!
 You hit the coyote.
 The coyote bites!
 The coyote bites!
 You hit the coyote.
 The coyote bites!
 You hit the coyote.
 The coyote misses!
 You kill the coyote!
 There is a goblin corpse here; eat it? [ynq] (n) y
 Blecch!  Rotten food!
 You feel rather light headed.
 You finish eating the goblin corpse.
 What do you want to eat? [dt or ?*] y
 You don't have that object.
 What do you want to eat? [dt or ?*] d
 You're having a hard time getting all of it down.
 Continue eating? [yn] (n) n
 You stop eating the food ration.
 You feel less confused now.
 You hit the coyote.
 The coyote bites!
 The coyote bites!
 You die...
 Do you want your possessions identified? [ynq] (y) y
 Do you want to see your attributes? [ynq] (y) y
 Do you want an account of creatures vanquished? [ynaq] (y) n
 Do you want to see your conduct and achievements? [ynq] (y) n
 Do you want to see the dungeon overview? [ynq] (y) n

Inventory:
 Coins    ('$')
  $ - 418 gold pieces
 Weapons  (')')
  p - 9 +0 darts
  o - 10 cursed +0 darts
  a - a +1 bullwhip (alternate weapon; not wielded)
 Armor    ('[')
  c - an uncursed +0 fedora (being worn)
  u - a cursed -1 banded mail (being worn)
 Comestibles  ('%')
  d - 4 uncursed food rations
  B - an uncursed partly eaten food ration
  t - an uncursed tin of dried newt meat
 Scrolls  ('?')
  i - a cursed scroll of light
 Spellbooks  ('+')
  A - an uncursed spellbook of clairvoyance
 Tools    ('(')
  l - an uncursed mirror
  e - a +0 pick-axe
  f - a tinning kit (0:57)
 Gems/Stones  ('*')
  g - an uncursed touchstone

BeardyHaddock the Archeologist's attributes:

Background:
 You were a Field Worker, a level 3 male dwarven Archeologist.
 You were lawful, nominally on a mission for Quetzalcoatl
 who was opposed by Camaxtli (neutral) and Huhetotl (chaotic).
 You were right-handed.
 You were in the Dungeons of Doom, on level 2.
 You entered the dungeon 1007 turns ago.
 You had 46 experience points, 34 more were needed to attain level 4.

Basics:
 You had 0 out of 34 hit points.
 You had all 5 energy points (spell power).
 Your armor class was 5.
 Your wallet contained 418 zorkmids.
 Autopickup was off.

Final Characteristics:
 Your strength was 12 (limit:18/100).
 Your dexterity was 12 (limit:20).
 Your constitution was 12 (limit:20).
 Your intelligence was 16 (limit:16).
 Your wisdom was 15 (limit:16).
 Your charisma was 7 (limit:16).

Final Status:
 You were satiated.
 You were burdened; movement was slightly slowed.
 You were bare handed.
 You were unskilled in bare handed combat.

Final Attributes:
 You were devoutly aligned.
 You had automatic searching.
 You had infravision.
 You were warded.
 Your spell casting was impaired by metallic armor.
 You were lucky.
 You are dead.

Miscellaneous:
 You didn't encounter any bones levels.
 Total elapsed playing time was 16 minutes and 28 seconds.

Major events:
 Turn
    1: BeardyHaddock the lawful male dwarven Archeologist entered the dungeon
  980: attained the rank of Field Worker (level 3)
 1007: killed by a coyote

Spells:
 Name                 Level Category     Fail Retention
 confuse monster        1   enchantment   79%  76%-100%
 clairvoyance           3   divination   100%  76%-100%

Skills:
 Fighting Skills
   bare handed combat [Unskilled]
   two weapon combat  [Unskilled]
   riding             [Unskilled]
 Weapon Skills
   dagger             [Unskilled]
   knife              [Unskilled]
   pick-axe           [Basic]
   short sword        [Unskilled]
   saber              [Unskilled]
   club               [Unskilled]
   quarterstaff       [Unskilled]
   sling              [Unskilled]
   dart               [Unskilled]
   boomerang          [Unskilled]
   whip               [Basic]
   unicorn horn       [Unskilled]
 Spellcasting Skills
   attack spells      [Unskilled]
   healing spells     [Unskilled]
   divination spells  [Unskilled]
   matter spells      [Unskilled]

Voluntary challenges:
 Character rerolling was not enabled.
 You were an atheist.
 You never genocided any monsters.
 You never polymorphed an object.
 You never changed form.
 You used no wishes.
Achievements:
 You entered a shop.
 You attained the rank of Field Worker.

 The Dungeons of Doom: levels 1 to 2
    Level 1:
       A fountain.
    Level 2: <- You were here.
       A general store.
       Final resting place for
          you, killed by a coyote.


Vanquished creatures:
  a coyote
  a yellow mold
  2 jackals
  3 kobolds
  2 goblins
  2 sewer rats
  4 lichens
  2 newts
17 creatures vanquished.

No species were genocided or became extinct.

Game over:
                       ----------
                      /          \
                     /    REST    \
                    /      IN      \
                   /     PEACE      \
                  /                  \
                  |  BeardyHaddock   |
                  |      418 Au      |
                  |   killed by a    |
                  |      coyote      |
                  |                  |
                  |                  |
                  |       2026       |
                 *|     *  *  *      | *
        _________)/\\_//(\/(/\)/\//\/|_)_______

Goodbye BeardyHaddock the Archeologist...

You died in The Dungeons of Doom on dungeon level 2 with 621 points,
and 418 pieces of gold, after 1007 moves.
You were level 3 with a maximum of 34 hit points when you died.

